 Dungeon Sprint DCSS version 0.31-a0-844-gdc52ec4e09 (webtiles) character file.

Game seed: 10468394316666537638

102 sircluck the Ruffian (level 4, 0/48 (50) HPs)
             Began as a Troll Berserker on Sept 29, 2023.
             Was an Elder of Trog.
             Slain by a wight
             ... wielding a +1 hand axe
              (2 damage)
             ... in the Dungeon (Sprint VII: "The Pits").
             The game lasted 00:00:28 (160 turns).

sircluck the Ruffian (Troll Berserker)               Turns: 160, Time: 00:00:28

HP:   0/48 (50)     AC:  4    Str: 27    XL:     4   Next: 50%
MP:   3/3           EV: 10    Int:  3    God:    Trog [****..]
Gold: 0             SH:  0    Dex:  9    Spells: 3/3 levels left

rFire   . .          .
                       - Unarmed
rCold   . . .        (no shield)
rNeg    . . .        a - +0 animal skin
rPois   .            (helmet restricted)
rElec   .            (no cloak)
rCorr   .            (gloves unavailable)
SInv    .            (boots unavailable)
Will    .....        (no amulet)
Stlth   +            (no ring)
HPRegen 1.08/turn    (no ring)
MPRegen 0.08/turn

%: no teleportation
@: lightly drained
A: large, unfitting armour, claws 3, regeneration 1, shaggy fur 1, tough skin 1
a: Renounce Religion, Berserk, Trog's Hand, Brothers in Arms


You were in the Dungeon.
You worshipped Trog.
Trog was greatly pleased with you.
You visited 1 branch

Inventory:

Armour
 a - a +0 animal skin (worn)
Scrolls
 g - a scroll of blinking
 i - 2 scrolls of vulnerability
 j - a scroll of summoning
Potions
 b - 6 potions of curing
 c - 6 potions of heal wounds
 d - a potion of haste
 e - 4 potions of magic
 f - 3 potions of berserk rage
 h - 2 potions of invisibility


   Skills:
 + Level 5.0 Fighting
 + Level 4.9 Dodging
 + Level 5.9 Unarmed Combat


You had 3 spell levels left.
You didn't know any spells.
Your spell library was empty.

Dungeon Overview and Level Annotations

Branches:
Dungeon (1/1)

Altars:
Ashenzari
Cheibriados
Dithmenos
Elyvilon
Fedhas
Gozag
Hepliaklqana
Kikubaaqudgha
Makhleb
Nemelex Xobeh
Okawaru
Qazlal
Ru
Sif Muna
Trog
Uskayaw
Vehumet
Wu Jian
Xom
Yredelemnul
Zin
The Shining One
Jiyva
Lugonu


Innate Abilities, Weirdness & Mutations

You are too large for most types of armour.
You have claws for hands.
Your natural rate of healing is unusually fast.
You are covered in fur. (AC +1)
You have tough skin. (AC +1)


Message History

You open the door.
A wight and a quokka come into view. 3 wights come into view.
There is an open door here.
The wight attacks as it pursues you! The wight barely misses you.
The wight attacks as it pursues you! The wight closely misses you.
The wight attacks as it pursues you! The wight barely misses you.
The wight attacks as it pursues you! The wight misses you.
The wight attacks as it pursues you!
The wight hits you with a +0 dire flail.
You feel drained. The wight attacks as it pursues you!
The wight hits you with a +0 dire flail!
You claw the wight!
The wight is severely damaged.
The wight hits you with a +0 dire flail!
* * * LOW HITPOINT WARNING * * *
You mangle the wight!!
You destroy the wight!
Trog accepts your kill.
You can now call in reinforcements.
Your life force feels restored.
Your Fighting skill increases to level 5!
You have reached level 4!
Unknown command.
Unknown command.
Unknown command.
You scratch the quokka.
You kill the quokka!
Trog accepts your kill.
Okay, then.
You scratch the wight.
The wight is lightly damaged.
The wight hits you with a +1 hand axe!
* * * LOW HITPOINT WARNING * * *
You claw the wight!
The wight is almost destroyed.
The wight hits you with a +1 hand axe!
* * * LOW HITPOINT WARNING * * *
You feel drained.
You die...

#_______...#######
##########'##.....
#.?(.')))'.##.....
##########.##.....
#..........)'.....
#'#####†#####.....
#.#[[#.....##.....
#.#))#####'#####'#
#@#))#.....##.....
#z#))#.....##.....
#z#..###'####.....
#z##'#.)...##...<.
#.#........##.....
#.#........##.....
#'###########.....
#....zz.# ######
#..###..#


You could see 3 wights.

Vanquished Creatures
  A wight (D)
  A crimson imp (D)
  An ufetubus (D)
  2 orcs (D)
  An endoplasm (D)
  A hobgoblin (D)
  A quokka (D)
  A ball python (D)
  A frilled lizard (D)
  A jackal zombie (D)
11 creatures vanquished.

Notes
Turn   | Place    | Note
-------+----------+-------------------------------------------
     0 | D        | sircluck the Troll Berserker began the quest for the Orb.
     0 | D        | Reached XP level 1. HP: 22/22 MP: 0/0
    28 | D        | Found a bloodstained altar of Trog.
    28 | D        | Found a shimmering blue altar of Sif Muna.
    28 | D        | Found a viscous altar of Jiyva.
    28 | D        | Found a hazy altar of Hepliaklqana.
    28 | D        | Found an opulent altar of Gozag.
    29 | D        | Found a glowing golden altar of the Shining One.
    29 | D        | Found a glowing silver altar of Zin.
    29 | D        | Found a basalt altar of Yredelemnul.
    29 | D        | Found a shimmering altar of Xom.
    29 | D        | Found an ornate altar of the Wu Jian Council.
    29 | D        | Found a sacrificial altar of Ru.
    29 | D        | Found a stormy altar of Qazlal.
    29 | D        | Found an iron altar of Okawaru.
    29 | D        | Found a sparkling altar of Nemelex Xobeh.
    29 | D        | Found a burning altar of Makhleb.
    29 | D        | Found a blossoming altar of Fedhas.
    29 | D        | Found a white marble altar of Elyvilon.
    29 | D        | Found a shadowy altar of Dithmenos.
    29 | D        | Found a snail-covered altar of Cheibriados.
    33 | D        | Found a corrupted altar of Lugonu.
    33 | D        | Found a radiant altar of Vehumet.
    34 | D        | Found a broken altar of Ashenzari.
    34 | D        | Found an ancient bone altar of Kikubaaqudgha.
    34 | D        | Found a hide-covered altar of Uskayaw.
    73 | D        | Reached ** piety under Trog
    85 | D        | Noticed a crimson imp
    87 | D        | Reached *** piety under Trog
    88 | D        | Reached XP level 2. HP: 31/31 MP: 1/1
    95 | D        | Killed a crimson imp
    96 | D        | Reached skill level 5 in Unarmed Combat
    96 | D        | Reached XP level 3. HP: 39/39 MP: 2/2
   147 | D        | Noticed a wight
   148 | D        | Noticed a wight
   148 | D        | Noticed a wight
   148 | D        | Noticed a wight
   156 | D        | Killed a wight
   156 | D        | Reached **** piety under Trog
   157 | D        | Reached skill level 5 in Fighting
   157 | D        | Reached XP level 4. HP: 14/50 MP: 3/3
   160 | D        | HP: 2/50 [wight/+1 hand axe (8)]
   160 | D        | Slain by a wight

Illustrated notes

Levels and vault maps discovered:
D:        pitsprint [storerooms_1, entrance_room_1, metal_vault_1, armoury_2,
          mini_pit_1, grid_room_1, main_hall_1, silver_pit, the_coven_2,
          the_vestibule_1, steel_vault_4, golden_pit, hallway_of_sentries,
          crystal_vault_6, iron_vault_2, final_vault]

Skill      XL: |  1  2  3 |
---------------+----------+-----
Fighting       | 3 4 5 |  5.0
Dodging        | 3 4 |  4.9
Unarmed Combat | 5 |  5.9

Action                     |  1- 3 |  4- 6 || total
---------------------------+-------+-------++-------
  Melee: Unarmed           |    15 |     3 ||    18
 Armour: Animal skin       |     7 |     2 ||     9
  Dodge: Dodged            |     6 |       ||     6

Table legend: (Time is in decaauts)
 A = Elapsed time spent in this place.
 B = Non-inter-level travel time spent in this place.
 C = Inter-level travel time spent in this place.
 D = Time resting spent in this place.
 E = Time spent auto-exploring this place.
 F = Levels seen in this place.
 G = Mean time per level.
                   A        B        C        D        E       F      G
               +--------+--------+--------+--------+--------+-----+--------+
         Total |    159 |    159 |      0 |      0 |     56 |   1 |  159.0 |
       Dungeon |    159 |    159 |      0 |      0 |     56 |   1 |  159.0 |
               +--------+--------+--------+--------+--------+-----+--------+

Top non-repeatable levels by time:
       D: 159 daAuts
